 Dungeon Crawl Stone Soup version 0.28-a0-1080-g05a166d0ed (webtiles) character file.

Game seed: 2401006752660724411

91096 siradein the Fighter (level 15, -3/137 HPs)
             Began as a Minotaur Fighter on Dec 9, 2021.
             Was a Priest of Yredelemnul.
             Slain by a two-headed ogre (9 damage)
             ... while paralysed by an ogre mage
             ... on level 2 of the Orcish Mines.
             The game lasted 00:59:04 (24143 turns).

siradein the Fighter (Minotaur Fighter)            Turns: 24143, Time: 00:59:05

Health: -3/137     AC: 24    Str: 28    XL:     15   Next: 54%
Magic:  37/40      EV:  2    Int:  5    God:    Yredelemnul [***...]
Gold:   1004       SH:  0    Dex: 14    Spells: 14/14 levels left

rFire   . . .      SeeInvis +   G - +2 scimitar (flame)
rCold   . . .      Faith    +   l - +0 kite shield
rNeg    . . .      Spirit   .   v - +3 chain mail {rPois}
rPois   +          Reflect  .   N - +3 hat of Pondering {ponderous, Will+ MP+10 Int+5}
rElec   +          Harm     .   c - +0 cloak
rCorr   .          Rampage  .   b - +0 pair of gloves
Will    ++...                   Q - +1 pair of boots {Stlth+}
Stlth   ..........              X - amulet "Titis" {Faith rElec Str+4 Int-5}
HPRegen 0.32/turn               k - ring of see invisible
MPRegen 0.27/turn               h - ring of magical power

@: paralysed, slow
A: horns 2, retaliatory headbutt
a: Renounce Religion, Recall Undead Harvest, Dark Bargain


You were on level 2 of the Orcish Mines.
You worshipped Yredelemnul.
Yredelemnul was aware of your devotion.
You visited 4 branches of the dungeon, and saw 20 of its levels.
You visited 1 bazaar.

You collected 2112 gold pieces.
You spent 1108 gold pieces at shops.

Inventory:

Hand Weapons
 G - a +2 scimitar of flaming (weapon)
 R - the +1 long sword of Zyxtezac {vorpal, rC- Int+6 SInv Stlth+}
   (You bought it in a shop on level 10 of the Dungeon)

   It inflicts extra damage upon your enemies.
   Int:       It affects your intelligence (+6).
   rC:        It makes you vulnerable to cold.
   SInv:      It lets you see invisible.
   Stlth:     It makes you more stealthy.
Armour
 b - a +0 pair of gloves (worn)
 c - a +0 cloak (worn)
 l - a +0 kite shield (worn)
 v - a +3 chain mail of poison resistance (worn)
 F - +2 acid dragon scales
 N - the +3 hat of Pondering (worn) {ponderous, Will+ MP+10 Int+5}
   (You took it off Gastronok on level 9 of the Dungeon)

   Int:       It affects your intelligence (+5).
   MP:        It affects your magic capacity (+10).
   Will:      It increases your willpower.
 Q - a +1 pair of boots of stealth (worn)
Jewellery
 a - a ring of ice
 h - a ring of magical power (right hand)
 k - a ring of see invisible (left hand)
 D - a ring of fire
 I - a ring of protection from cold
 S - a ring of magical power
 U - a ring of protection from fire
 W - a +6 ring of intelligence
 X - the amulet "Titis" (around neck) {Faith rElec Str+4 Int-5}
   (You bought it in a shop in a bazaar)

   [amulet of faith]

   It allows you to gain divine favour quickly.
   Str:       It affects your strength (+4).
   Int:       It affects your intelligence (-5).
   rElec:     It insulates you from electricity.
Wands
 o - a wand of flame (14)
 s - a wand of paralysis (7)
 u - a wand of charming (20)
 K - a wand of mindburst (11)
 V - a wand of digging (5)
 Y - a wand of iceblast (4)
Scrolls
 j - 8 scrolls of teleportation
 m - 4 scrolls of fear
 n - 2 scrolls of fog
 q - 3 scrolls of enchant weapon
 r - 2 scrolls of immolation
 y - a scroll of magic mapping
 z - 3 scrolls of blinking
 A - 3 scrolls of enchant armour
 P - a scroll of summoning {unknown}
Potions
 d - 7 potions of might
 e - 7 potions of curing
 f - 3 potions of invisibility {unknown}
 i - 4 potions of heal wounds
 p - 2 potions of resistance
 t - 3 potions of mutation {unknown}
 w - a potion of cancellation {unknown}
 x - 4 potions of haste {unknown}
 B - 4 potions of brilliance {unknown}
 C - 6 potions of ambrosia {unknown}
 E - 5 potions of attraction {unknown}
 J - 3 potions of magic {unknown}
 M - 4 potions of degeneration {unknown}
 O - 2 potions of flight {unknown}
Miscellaneous
 T - a lightning rod (4/4) (quivered)


   Skills:
 + Level 13.9 Fighting
 + Level 13.7 Long Blades
 + Level 13.8 Armour
 + Level 11.9 Dodging
 + Level 13.9 Shields
 + Level 9.9 Invocations
 + Level 8.9 Evocations


You had 14 spell levels left.
You didn't know any spells.
Your spell library contained the following spells:

 Spells                   Type           Power      Damage    Failure   Level
 Magic Dart               Conj           0%         1d3       92%         1
 Searing Ray              Conj           0%         2d4       98%         2
 Tukima's Dance           Hex            0%         N/A       100%        3
 Airstrike                Air            0%         N/A       100%        4
 Fulminant Prism          Conj/Hex       0%         3d6       100%        4
 Passage of Golubria      Tloc           0%         N/A       100%        4
 Summon Lightning Spire   Summ/Air       0%         N/A       100%        4
 Alistair's Intoxication  Tmut/Pois      0%         N/A       100%        5
 Borgnjor's Vile Clutch   Necr/Erth      0%         N/A       100%        5
 Lightning Bolt           Conj/Air       0%         1d11      100%        5
 Yara's Violent Unravell  Hex/Tmut       0%         3d3       100%        5
 Eringya's Noxious Bog    Tmut/Pois      0%         N/A       100%        6


Dungeon Overview and Level Annotations

Branches:
Dungeon (11/15)            Temple (1/1) D:5            Lair (6/6) D:10
  Swamp (0/4) Lair:2       Spider (0/4) Lair:4        Slime (0/5) Lair:5
    Orc (2/2) D:9             Elf (0/3) Orc:2

Altars:
Ashenzari
Cheibriados
Dithmenos
Elyvilon
Fedhas
Gozag
Hepliaklqana
Kikubaaqudgha
Makhleb
Nemelex Xobeh
Okawaru
Qazlal
Ru
Sif Muna
Trog
Uskayaw
Vehumet
Wu Jian
Xom
Yredelemnul
Zin
The Shining One

Shops:
D:2 [   D:10 (

Annotations:
Lair:5 exclusion: 4 oklob plants


Innate Abilities, Weirdness & Mutations

You have a pair of horns on your head.
You reflexively headbutt those who attack you in melee.


Message History

The ogre mage hits your deep troll zombie with a +0 flail.
Your deep troll zombie bites the ogre mage!!
The ogre mage dies!
A black mist starts to gather...
Something bites your ogre mage zombie!
Something completely misses your ogre mage zombie.
Something claws your ogre mage zombie.
The two-headed ogre hits you with a +0 giant spiked club.
The two-headed ogre hits you with a +0 giant club!
The troll barely misses you. The troll claws you.
The troll claws you but does no damage.
The ogre hits you with a +0 giant spiked club.
The deep troll completely misses you. The deep troll claws you. x2
The ice devil hits your deep troll zombie.
The ice devil freezes your deep troll zombie.
Your deep troll zombie resists.
Your ogre zombie hits the deep troll!
Something hits the troll but does no damage.
The orc sorcerer points at you and mumbles some strange words.
The bolt of fire hits your ogre mage zombie!!
The bolt of fire hits the troll!
The bolt of fire hits you!!
* * * LOW HITPOINT WARNING * * *
The bolt of fire hits your ogre zombie!!
Something bites your ogre mage zombie! Something claws your ogre mage zombie!
Something claws your ogre mage zombie.
The ogre hits you with a +0 giant spiked club!
* * * LOW HITPOINT WARNING * * *
Something hits your ogre mage zombie!
The troll bites something.
The troll claws something.
The troll claws something!
The deep troll bites you.
* * * LOW HITPOINT WARNING * * *
The deep troll claws you but does no damage.
The deep troll barely misses you.
The ice devil hits your deep troll zombie.
The ice devil freezes your deep troll zombie.
Your deep troll zombie resists.
Your deep troll zombie bites the ice devil but does no damage.
Your deep troll zombie claws the ice devil!
Your deep troll zombie barely misses the ice devil.
The two-headed ogre hits you with a +0 giant spiked club!
You die...
Your body rises from the dead as a mindless zombie.

**** *** ###**## *##**********
,..####.#* ##..##.###.##,**,*,**,
.....#...* *.......#...$,,,......
.........####...........,,,......
........#.##...#........,,,......
...........#.4..#................
..............Z.......#..........
..##.......COoZT#................
..#.....O......#@Z..#..#.........
........OT##..TOTO...............
C.........####..4................
..)))TO....# ##..................
...)).o...## ##...#......).[[...
...)..#..## ##.#.....?.[..[..[
...))#...# #######.......(...)[.
...).#...# ##.#.#ZZ.......)....)[
.........# #...ZZ.ZZ...........[.


You could see a two-headed ogre, a deep troll, a cyclops, an ice devil
(summoned, ally target), 2 trolls, a chaos spawn (summoned), an orc sorcerer
(ally target), 2 ogres, a friendly ogre zombie, a friendly ogre mage zombie and
a friendly deep troll zombie.

Vanquished Creatures
  Gastronok (D:9)
  A dire elephant (Lair:6)
  Fannar (Lair:3)
  3 hydras
  A boulder beetle (D:11)
  9 death yaks
  5 two-headed ogres
  2 fire crabs
  A deep troll (Orc:2)
  An orc knight (Orc:2)
  Pikel (D:5)
  2 lindwurms
  5 black mambas
  A manticore (Lair:5)
  6 elephants
  Maggie (D:6)
  5 torpor snails (Lair:6)
  An unseen horror (D:11)
  12 cane toads
  A rime drake (Lair:5)
  7 komodo dragons
  10 polar bears
  A troll (D:9)
  2 meliai (Lair:5)
  A queen bee (Lair:5)
  3 tyrant leeches (Lair:6)
  Grinder (D:3)
  5 hornets
  5 blink frogs
  A slime creature (Lair:5)
  A raiju (Lair:6)
  Sigmund (D:2)
  3 redbacks (Lair:4)
  A shadow (D:11)
  47 yaks
  2 steam dragons
  A basilisk (Lair:6)
  5 wyverns
  A fire elemental (Lair:3)
  3 vampire mosquitoes (D:11)
  9 wargs
  13 water moccasins
  10 hell hounds (Lair:6)
  7 orc warriors
  3 sky beasts
  2 ice beasts
  14 black bears
  2 necrophages
  2 centaurs
  13 ogres
  20 wolves
  2 phantoms
  11 bullfrogs
  A kobold brigand (D:9)
  Blork the orc (D:4)
  A gnoll sergeant (D:7)
  4 scorpions
  2 wights
  25 killer bees
  4 howler monkeys
  7 hounds
  A centaur skeleton (D:5)
  3 centaur zombies
  A bullfrog skeleton (D:7)
  7 jellies
  10 orc priests
  Ijyb (D:4)
  Terence (D:2)
  Natasha (twice) (D:3)
  3 iguanas
  15 orc wizards
  10 hell rats
  Robin (D:1)
  10 gnolls
  8 adders
  4 river rats (Lair:4)
  5 shadow imps
  A white imp (D:7)
  3 ufetubi
  3 adder skeletons
  A worm (D:3)
  5 dart slugs
  48 orcs
  9 ball pythons
  7 endoplasms
  2 giant cockroaches
  14 goblins
  7 hobgoblins
  3 jackals (D:4)
  6 quokkas
  8 bats
  4 frilled lizards
  7 kobolds
  6 rats
530 creatures vanquished.

Vanquished Creatures (collateral kills)
  The ghost of Etewkasm the Grappler, a journeyman TrMo of Jiyva (Lair:5)
  An ogre mage (Orc:2)
  5 hydras
  An alligator (Lair:6)
  3 two-headed ogres
  An orc high priest (Orc:2)
  10 death yaks
  A fire crab (Lair:3)
  3 elephants (Lair:5)
  3 black mambas
  6 cane toads
  A gargoyle (D:11)
  2 torpor snails (Lair:6)
  A rime drake (Lair:6)
  3 komodo dragons
  2 trolls
  4 hornets (Lair:6)
  10 polar bears
  A meliai (Lair:5)
  A tyrant leech (Lair:6)
  11 blink frogs
  23 yaks
  4 wyverns
  A human (Orc:2)
  2 basilisks
  2 fire elementals (Lair:3)
  4 wargs
  2 vampire mosquitoes (D:11)
  5 hell hounds
  10 water moccasins
  3 orc warriors
  2 black bears (Lair:6)
  6 wolves
  2 ogres
  2 kobold brigands
  3 bullfrogs
  A gnoll sergeant (Orc:1)
  A scorpion (Lair:6)
  16 killer bees (Lair:5)
  2 electric eels (Lair:5)
  A centaur zombie (D:6)
  3 orc priests (Orc:2)
  6 hell rats
  3 orc wizards
  2 gnolls (Orc:1)
  2 river rats (Lair:4)
  A white imp (D:8)
  18 orcs
  5 kobolds
  An orc zombie (Orc:2)
  2 rats (Lair:4)
  A bush (Lair:1)
207 creatures vanquished.

Vanquished Creatures (others)
  A spectral ice dragon (Orc:2)
  A spectral human (Lair:3)
  5 death yak zombies (Lair:3)
  A hydra zombie (Lair:3)
  3 black mamba zombies (Lair:3)
  2 two-headed ogre zombies (Orc:2)
  An elf zombie (Lair:3)
  4 cane toad zombies
  A hornet zombie (D:10)
  An elephant zombie (Lair:5)
  An ogre (D:5)
  A wolf (Lair:6)
  5 blink frog zombies
  2 torpor snail zombies (Lair:6)
  A fire crab zombie (Lair:3)
  2 hell hound zombies (Lair:6)
  A komodo dragon zombie (Lair:4)
  3 wyvern zombies
  6 water moccasin zombies
  3 warg zombies
  3 polar bear zombies (Lair:6)
  19 yak zombies
  10 wolf zombies
  6 bullfrog zombies
  5 black bear zombies
  2 basilisk zombies (Lair:6)
  19 killer bee zombies (Lair:5)
  4 ogre zombies (Orc:2)
  3 spectral jellies (Lair:5)
  3 hell rat zombies
  2 steam dragon zombies
  2 orcs (D:8)
  A gnoll zombie (Orc:1)
  2 goblin zombies (D:9)
  2 kobold zombies
  25 orc zombies
  72 fungi
  122 plants
347 creatures vanquished.

Grand Total: 1084 creatures vanquished

Notes
Turn   | Place    | Note
-------+----------+-------------------------------------------
     0 | D:1      | siradein the Minotaur Fighter began the quest for the Orb.
     0 | D:1      | Reached XP level 1. HP: 19/19 MP: 0/0
   139 | D:1      | Reached XP level 2. HP: 27/27 MP: 1/1
   659 | D:2      | Noticed Robin
   667 | D:1      | Reached XP level 3. HP: 23/33 MP: 2/2
   762 | D:1      | Killed Robin
   780 | D:2      | Noticed Sigmund
   791 | D:2      | Killed Sigmund
   792 | D:2      | Reached XP level 4. HP: 32/41 MP: 3/3
   792 | D:2      | Reached XP level 5. HP: 36/47 MP: 4/4
   948 | D:2      | Reached skill level 5 in Fighting
  1027 | D:2      | Found Hiuky's Armour Emporium.
  1035 | D:2      | Reached skill level 5 in Armour
  1153 | D:2      | Reached skill level 5 in Shields
  1381 | D:2      | Noticed Terence
  1388 | D:2      | Killed Terence
  1508 | D:2      | Found a faded altar of an unknown god.
  1764 | D:3      | Found a shadowy altar of Dithmenos.
  1767 | D:3      | Found a sacrificial altar of Ru.
  1776 | D:3      | Reached XP level 6. HP: 51/56 MP: 5/5
  1812 | D:3      | Found a sparkling altar of Nemelex Xobeh.
  1815 | D:3      | Found a hazy altar of Hepliaklqana.
  1888 | D:3      | Noticed Natasha
  1905 | D:3      | Killed Natasha
  2038 | D:3      | Noticed Grinder
  2040 | D:3      | Paralysed by Grinder for 4 turns
  2047 | D:3      | Killed Grinder
  2048 | D:3      | Reached skill level 1 in Dodging
  2114 | D:3      | Noticed Natasha
  2121 | D:3      | Killed Natasha
  2122 | D:3      | Reached XP level 7. HP: 61/61 MP: 6/6
  2701 | D:4      | Reached skill level 5 in Long Blades
  3015 | D:4      | Noticed Ijyb
  3050 | D:4      | Killed Ijyb
  3152 | D:4      | You fall into a shaft and drop 1 floor!
  3152 | D:5      | Entered Level 5 of the Dungeon
  3152 | D:5      | Noticed Pikel
  3188 | D:5      | Killed Pikel
  3189 | D:5      | Reached XP level 8. HP: 39/71 MP: 7/7
  3437 | D:5      | Reached XP level 9. HP: 36/79 MP: 8/8
  3887 | D:4      | Noticed Blork the orc
  3906 | D:4      | Killed Blork the orc
  4010 | D:4      | Found a shimmering blue altar of Sif Muna.
  4433 | D:5      | Found an ornate altar of the Wu Jian Council.
  4574 | D:5      | Reached skill level 5 in Dodging
  4630 | D:5      | Found a staircase to the Ecumenical Temple.
  4734 | Temple   | Entered the Ecumenical Temple
  4892 | Temple   | Became a worshipper of Yredelemnul the Dark
  5015 | D:5      | Found a white marble altar of Elyvilon.
  5099 | D:5      | Found a radiant altar of Vehumet.
  5107 | D:5      | Reached * piety under Yredelemnul
  5146 | D:5      | Found a blossoming altar of Fedhas.
  5149 | D:5      | Found a bloodstained altar of Trog.
  5453 | D:6      | Noticed Maggie
  5469 | D:6      | Killed Maggie
  5470 | D:6      | Reached skill level 1 in Invocations
  5470 | D:6      | Reached skill level 1 in Evocations
  5489 | D:6      | Identified the +1 robe of Wrong Decisions {rN+ Dex+6
                  | Stlth+}
  5529 | D:6      | Identified the +0 quarterstaff "Ychuehutiyt" {pain, Int+2}
  5679 | D:6      | Reached ** piety under Yredelemnul
  7026 | D:8      | Reached XP level 10. HP: 84/90 MP: 10/10
  7598 | D:9      | Found a staircase to the Orcish Mines.
  7625 | D:8      | HP: 4/90 [warg (10)]
  8977 | D:9      | Noticed Gastronok
  9000 | D:9      | Noticed a two-headed ogre
  9002 | D:9      | Killed Gastronok
  9240 | D:9      | Killed a two-headed ogre
  9241 | D:9      | Reached XP level 11. HP: 75/97 MP: 13/13
  9661 | D:9      | Paralysed by a hornet for 1 turns
 10308 | D:2      | Bought a +1 pair of boots of stealth for 165 gold pieces
 10461 | D:10     | Entered Level 10 of the Dungeon
 10583 | D:10     | Found Cecuwonk's Antique Weapon Boutique.
 10590 | D:10     | Bought a smoking long sword for 238 gold pieces
 10590 | D:10     | Identified the +1 long sword of Zyxtezac {vorpal, rC- Int+6
                  | SInv Stlth+} (You bought it in a shop on level 10 of the
                  | Dungeon)
 10636 | D:10     | Found a staircase to the Lair.
 10718 | D:10     | Paralysed by a hornet for 2 turns
 10726 | D:10     | Paralysed by a hornet for 2 turns
 10732 | D:10     | Paralysed by a hornet for 3 turns
 11010 | D:10     | Found an ancient bone altar of Kikubaaqudgha.
 11052 | D:10     | Reached *** piety under Yredelemnul
 11065 | D:10     | Reached **** piety under Yredelemnul
 11070 | D:10     | Reached ***** piety under Yredelemnul
 11729 | D:11     | Reached skill level 5 in Invocations
 11857 | D:11     | Noticed a two-headed ogre
 11862 | D:11     | Killed a two-headed ogre
 11863 | D:11     | Reached skill level 10 in Fighting
 11863 | D:11     | Reached skill level 10 in Armour
 11991 | D:11     | Reached skill level 10 in Shields
 12203 | D:11     | Noticed a two-headed ogre
 12210 | D:11     | Killed a two-headed ogre
 12211 | D:11     | Reached skill level 10 in Long Blades
 12617 | D:11     | Reached skill level 5 in Evocations
 12622 | D:11     | Noticed a boulder beetle
 12646 | D:11     | Killed a boulder beetle
 12647 | D:11     | Reached XP level 12. HP: 72/107 MP: 15/15
 13178 | Lair:1   | Entered Level 1 of the Lair of Beasts
 13491 | Lair:1   | Noticed Erica
 13503 | Lair:1   | Killed Erica
 13503 | Lair:1   | Enslaved Erica
 13934 | Lair:1   | Noticed a seven-headed hydra
 13937 | Lair:1   | Reached ****** piety under Yredelemnul
 13942 | Lair:1   | Killed a seven-headed hydra
 14959 | Lair:2   | Noticed a death yak
 14960 | Lair:2   | Noticed a death yak
 14960 | Lair:2   | Noticed a death yak
 14961 | Lair:2   | Noticed a death yak
 14962 | Lair:2   | Noticed a death yak
 14964 | Lair:2   | Noticed a death yak
 14969 | Lair:2   | Killed a death yak
 14976 | Lair:2   | Killed a death yak
 14979 | Lair:2   | Killed a death yak
 14980 | Lair:2   | Killed a death yak
 14982 | Lair:2   | Killed a death yak
 14983 | Lair:2   | Killed a death yak
 14994 | Lair:2   | Found a staircase to the Swamp.
 15498 | Lair:2   | Reached XP level 13. HP: 105/116 MP: 17/17
 15967 | Lair:3   | Found a transporter.
 16054 | Lair:3   | Noticed Fannar
 16067 | Lair:3   | Killed Fannar
 16657 | Lair:3   | Found a transporter.
 16657 | Lair:3   | Identified the +8 war axe "Kyosagyr" {drain, rF++}
 16680 | Lair:3   | Reached skill level 10 in Dodging
 17278 | Lair:3   | Your ally Fannar died
 17558 | Lair:3   | HP: 1/116 [hell rat (6)]
 17562 | Lair:3   | Your ally Erica died
 18353 | Lair:4   | Found a hole to the Spider Nest.
 18502 | Lair:4   | Reached XP level 14. HP: 127/127 MP: 19/19
 19062 | Lair:5   | Found a staircase to the Slime Pits.
 19755 | Lair:5   | Found a runed translucent gate.
 19756 | Lair:5   | Found a runed translucent gate.
 19757 | Lair:5   | Found a runed translucent gate.
 19759 | Lair:5   | Noticed Etewkasm's ghost (journeyman TrMo)
 20049 | Lair:5   | Killed Etewkasm's ghost
 20262 | Lair:6   | Entered Level 6 of the Lair of Beasts
 21428 | Lair:6   | Reached XP level 15. HP: 136/136 MP: 21/21
 22394 | Lair:6   | Found a runed translucent door.
 23423 | Orc:1    | Entered Level 1 of the Orcish Mines
 23604 | Orc:2    | Entered Level 2 of the Orcish Mines
 23670 | Orc:2    | Found a flickering gateway to a bazaar.
 23686 | Bazaar   | Entered a bazaar
 23686 | Bazaar   | Found Booqozocka's General Store.
 23686 | Bazaar   | Found Soqiatef's Jewellery Shoppe.
 23686 | Bazaar   | Found Plog's Weapon Shop.
 23759 | Bazaar   | Found Umojops's Weapon Emporium.
 23759 | Bazaar   | Found Luxood's Weapon Shop.
 23780 | Bazaar   | Bought the amulet "Titis" {Faith rElec Str+4 Int-5} for 467
                  | gold pieces
 23805 | Bazaar   | Bought a scroll of identify for 28 gold pieces
 23805 | Bazaar   | Bought a scroll of identify for 28 gold pieces
 23805 | Bazaar   | Bought a wand of iceblast (4) for 112 gold pieces
 23805 | Bazaar   | Bought a potion of heal wounds for 70 gold pieces
 24139 | Orc:2    | Paralysed by an ogre mage for 5 turns
 24142 | Orc:2    | HP: 6/137 [deep troll (4)]
 24143 | Orc:2    | Slain by a two-headed ogre

Illustrated notes

Levels and vault maps discovered:
D:1:      elethiomel_arrival_shortcut, layout_loops_ring
D:2:      layout_loops_ring, nicolae_ecumenical_lake_church, serial_shops,
          nicolae_square_shop, uniq_sigmund, uniq_robin, uniq_terence
D:3:      layout_loops_ring, grunt_temple_overflow_cloverleaf, st_stairs_1,
          amethyst_killhole, uniq_grinder, uniq_natasha
D:4:      layout_basic, lemuel_blue_sif_altar, minivault_1, uniq_blork_the_orc,
          uniq_ijyb
D:5:      layout_basic, minmay_overflow_temple_star_quad,
          nzn_wu_jian_contemplation, mainiacjoe_overflow_24_doors,
          temple_doors_e, minmay_fractal_squares_diagonal_5, uniq_pikel
D:6:      layout_basic, glass_columns_b, uniq_maggie
D:7:      layout_loops_cross, palyth_stone_intersect,
          kennysheep_opposing_triangles
D:8:      layout_cave_pools
D:9:      layout_stronghold, erik_orc_4, kennysheep_generic_room_6,
          uniq_gastronok
D:10:     layout_gridville, old_standard_altar, lair_entry_dummy, serial_glass,
          glass_columns_a, glass_columns_a, glass_columns_b, glass_columns_a,
          glass_columns_a, glass_columns_a, glass_columns_a, glass_columns_c,
          serial_shops, nicolae_diamond_shop
D:11:     layout_grid_maze
Temple:   minmay_temple_curvy_loop
Lair:1:   layout_small_grid, uniq_erica
Lair:2:   layout_small_grid, swamp_mist, minmay_stone_trees_medium
Lair:3:   gammafunk_cloud_chamber, layout_regular_city, grunt_megastairs_3,
          uniq_fannar
Lair:4:   wander_river, layout_cave_shapes, spider_nest_entry_webs,
          kennysheep_abandoned_house
Lair:5:   hangedman_what_comes_after_a, layout_long_grid,
          minmay_slime_entry_pillars, ebering_ghost_rock_garden,
          mumra_transporter_accident, serial_bayou_lake_a
Lair:6:   hangedman_lair_caniforms_friends, layout_cellular_growth, wormcave,
          nicolae_lair_lakeside_cave
Orc:1:    layout_caves
Orc:2:    st_orc_open, layout_caves, serial_shops, bzr_entry_customers

Skill      XL: |  1  2  3  4  5  6  7  8  9 10 11 12 13 14 |
---------------+-------------------------------------------+-----
Armour         | 4 5 6 7 8 9 10 11 12 13 | 13.8
Fighting       | 4 5 6 7 8 9 10 11 12 13 | 13.9
Shields        | 4 5 6 7 8 9 10 11 12 13 | 13.9
Long Blades    | 4 6 8 9 10 11 12 13 | 13.7
Dodging        | 1 3 4 6 7 8 9 10 11 | 11.9
Invocations    | 2 4 5 7 8 9 |  9.9
Evocations     | 2 3 5 6 7 8 |  8.9

Action                   |  1- 3 |  4- 6 |  7- 9 | 10-12 | 13-15 || total
-------------------------+-------+-------+-------+-------+-------++-------
Melee: Long sword        |    64 |    81 |   344 |   521 |   170 ||  1180
       Headbutt          |    12 |    13 |    63 |   146 |   186 ||   420
       Scimitar          |       |       |       |       |   682 ||   682
Throw: Dart              |       |       |       |     4 |       ||     4
Invok: Dark Bargain      |       |       |     2 |     1 |       ||     3
       Bind Soul         |       |       |       |     3 |     3 ||     6
       Recall Undead Har |       |       |       |     4 |     6 ||    10
       Drain Life        |       |       |       |     1 |    12 ||    13
Evoke: Wand              |       |       |     4 |       |       ||     4
  Use: Scroll            |       |       |       |     8 |     7 ||    15
       Potion            |       |       |       |       |     2 ||     2
 Stab: Paralysed         |       |       |     9 |       |       ||     9
       Distracted        |       |       |     2 |    11 |    10 ||    23
Armor: Scale mail        |    48 |    16 |       |       |       ||    64
       Chain mail        |       |    14 |   145 |   166 |   477 ||   802
       Acid dragon scale |       |       |    27 |    93 |       ||   120
Dodge: Dodged            |    33 |    29 |   184 |   276 |   476 ||   998
Block: Buckler           |    17 |    16 |    89 |   139 |       ||   261
       Kite shield       |       |       |       |    50 |   614 ||   664

Table legend: (Time is in decaauts)
 A = Elapsed time spent in this place.
 B = Non-inter-level travel time spent in this place.
 C = Inter-level travel time spent in this place.
 D = Time resting spent in this place.
 E = Time spent auto-exploring this place.
 F = Levels seen in this place.
 G = Mean time per level.
                   A        B        C        D        E       F      G
               +--------+--------+--------+--------+--------+-----+--------+
         Total |  24860 |  23931 |    929 |   1846 |  17728 |  21 | 1183.8 |
       Dungeon |  13306 |  12635 |    671 |    993 |   9378 |  11 | 1209.6 |
        Temple |    241 |    241 |      0 |      0 |    210 |   1 |  241.0 |
          Lair |  10581 |  10323 |    258 |    851 |   7682 |   6 | 1763.5 |
  Orcish Mines |    596 |    596 |      0 |      2 |    350 |   2 |  298.0 |
        Bazaar |    134 |    134 |      0 |      0 |    106 |   1 |  134.0 |
               +--------+--------+--------+--------+--------+-----+--------+

Top non-repeatable levels by time:
  Lair:6: 3063 daAuts
  Lair:3: 2362 daAuts
     D:9: 1776 daAuts
     D:7: 1632 daAuts
    D:11: 1594 daAuts
  Lair:1: 1588 daAuts
     D:4: 1539 daAuts
  Lair:5: 1346 daAuts
  Lair:2: 1327 daAuts
    D:10: 1283 daAuts
     D:2: 990 daAuts
     D:3: 985 daAuts
     D:5: 968 daAuts
     D:8: 947 daAuts
  Lair:4: 893 daAuts
